Map: Ultralove

Players

Solar

  • Race: Zerg Zerg
  • Spawn Location: 1:00

Cure - Winner!

  • Race: Terran Terran
  • Spawn Location: 7:00

Event: Esports World Cup 2025

VOD

Have the link to the VOD?

Description

Time

  • Played on: July 25, 2025, 9:59 a.m.
  • Length: 11:33

All games in this series

Show
View Real Time Build Order
Export as new Build Order

Solar Zerg 

Build Orders: Hatch First 

Get SALT Encoding   

  12  0:00  Drone  
  13  0:08  Drone  
  14  0:14  Extractor  
  14  0:15  Drone  
  15  0:22  Overlord  
  15  0:41  Drone  
  16  0:45  Hatchery  
  16  0:49  Drone  
  16  0:52  Drone  
  16  0:56  Drone  
  18  1:06  Extractor  
  17  1:11  Spawning Pool  
  17  1:14  Drone  
  17  1:17  Drone  
  18  1:26  Drone  
  19  1:38  Drone  
  20  1:50  Drone  
  21  1:58  Queen x2  
  21  1:59  Zergling x4  
  28  2:08  Drone  
  28  2:11  Overlord  
  28  2:12  Metabolic Boost  
  28  2:28  Hatchery  
  27  2:32  Drone x2  
  27  2:36  Drone  
  29  2:38  Drone  
  29  2:43  Drone  
  31  2:45  Overlord  
  31  2:53  Queen  
  33  2:58  Drone x2  
  33  3:02  Drone  
  33  3:03  Drone  
  37  3:06  Drone  
  37  3:08  Drone  
  37  3:10  Drone  
  37  3:12  Drone  
  41  3:14  Overlord  
  41  3:18  Drone  
  42  3:20  Drone  
  42  3:21  Drone  
  44  3:32  Queen  
  44  3:33  Queen  
  48  3:42  Drone x3  
  48  3:43  Drone x3  
  48  3:48  Overlord  
  54  3:50  Drone  
  54  3:52  Queen  
  54  3:55  Overlord  
  57  3:57  Drone  
  57  4:02  Overlord  
  58  4:12  Drone x4, Queen  
  58  4:14  Drone  
  65  4:20  Drone  
  65  4:24  Zergling x2  
  67  4:25  Zergling x4  
  67  4:27  Queen  
  67  4:30  Spore Crawler  
  70  4:39  Drone x3, Extractor  
  70  4:40  Spore Crawler  
  70  4:41  Hatchery, Overlord  
  70  4:44  Drone  
  70  4:45  Evolution Chamber x2  
  68  4:47  Drone x2  
  68  4:48  Drone  
  68  4:49  Drone  
  68  4:50  Drone  
  73  4:53  Overlord  
  73  4:56  Overlord  
  73  4:58  Spore Crawler  
  72  5:02  Zergling x4  
  72  5:03  Zergling x2  
  72  5:06  Drone x2  
  76  5:09  Drone  
  76  5:10  Drone x3  
  76  5:13  Zerg Melee Weapons Level 1  
  80  5:16  Zerg Ground Armor Level 1  
  80  5:17  Drone  
  80  5:18  Drone  
  80  5:21  Drone  
  83  5:23  Drone  
  83  5:25  Lair  
  83  5:26  Drone  
  83  5:27  Drone, Extractor  
  85  5:28  Extractor  
  85  5:30  Drone x2  
  85  5:32  Baneling Nest  
  85  5:33  Drone  
  86  5:36  Overlord  
  86  5:41  Spore Crawler  
  85  5:44  Drone x2  
  85  5:46  Drone x3  
  85  5:48  Drone x2  
  91  5:55  Zergling x14  
  98  5:57  Queen  
  98  6:01  Drone x2  
  100  6:04  Drone x2  
  100  6:08  Overlord  
  100  6:10  Drone  
  100  6:11  Drone  
  104  6:13  Hatchery  
  103  6:18  Drone  
  103  6:19  Drone x3  
  103  6:25  Zergling x10  
  112  6:28  Zergling x10  
  112  6:31  Infestation Pit  
  112  6:32  Centrifugal Hooks, Overlord  
  116  6:38  Drone  
  116  6:40  Drone  
  116  6:41  Zergling x2  
  116  6:42  Drone  
  116  6:46  Baneling  
  116  6:47  Overlord, Baneling x11  
  119  6:50  Overlord  
  119  6:51  Overlord  
  119  6:53  Zergling x2  
  120  6:58  Zergling x4, Overseer, Hatchery  
  121  7:01  Zergling x8  
  121  7:02  Zergling x4  
  121  7:06  Overlord  
  121  7:07  Zergling x2  
  121  7:08  Zergling x12  
  134  7:13  Overlord  
  134  7:14  Zergling x4  
  136  7:15  Hive  
  136  7:18  Overlord  
  136  7:22  Zergling x2  
  137  7:24  Zergling x2  
  137  7:25  Baneling x2  
  137  7:26  Zerg Melee Weapons Level 2  
  137  7:27  Zergling x4  
  137  7:29  Overseer, Extractor  
  139  7:32  Hatchery  
  139  7:33  Drone x3  
  139  7:35  Zergling x12  
  147  7:40  Drone x2, Hydralisk Den  
  147  7:41  Drone x2  
  147  7:42  Drone, Extractor  
  150  7:44  Drone x2  
  150  7:46  Zerg Missile Weapons Level 1  
  150  7:48  Drone x3  
  150  7:49  Drone x2  
  157  7:55  Zergling x6  
  160  7:59  Overlord  
  160  8:00  Drone  
  160  8:01  Drone x2  
  156  8:11  Zergling x2  
  156  8:12  Zergling x6  
  144  8:14  Pneumatized Carapace  
  144  8:15  Extractor  
  144  8:16  Grooved Spines  
  144  8:18  Hydralisk x5, Lurker Den  
  144  8:19  Zergling x16  
  160  8:24  Drone  
  161  8:29  Viper  
  161  8:33  Zergling x8  
  168  8:36  Extractor  
  167  8:43  Baneling x2  
  167  8:44  Zergling x12  
  167  8:45  Zergling x14  
  177  8:54  Drone x2  
  168  8:56  Hydralisk x3  
  168  8:57  Zergling x8  
  172  9:04  Drone x2  
  172  9:06  Muscular Augments  
  172  9:08  Adrenal Glands  
  172  9:09  Zergling x10  
  174  9:12  Drone  
  174  9:14  Drone  
  174  9:15  Spine Crawler x2  
  174  9:17  Drone, Spine Crawler  
  174  9:22  Seismic Spines, Hydralisk x3  
  179  9:26  Overlord  
  179  9:27  Hydralisk x3  
  179  9:28  Hatchery  
  184  9:31  Zergling x2  
  184  9:32  Zergling x8  
  184  9:33  Overseer  
  184  9:37  Drone  
  190  9:39  Nydus Network, Zergling x8  
  190  9:40  Zergling x2  
  190  9:44  Overlord  
  193  9:48  Baneling x5  
  193  9:49  Baneling x9  
  193  9:50  Zergling x6  
  193  9:51  Zergling x2  
  197  9:55  Hydralisk  
  197  9:58  Baneling x5  
  197  9:59  Zergling x2  
  200  10:03  Zergling x2  
  200  10:04  Zergling x4  
  191  10:08  Zergling x16  
  191  10:12  Zergling x12  
  196  10:19  Baneling x2, Spire  
  195  10:25  Hydralisk x3  
  195  10:26  Hydralisk  
  195  10:31  Lurker  
  195  10:32  Zergling x8  
  196  10:36  Zergling x2  
  196  10:37  Zergling x10  
  177  10:45  Hydralisk x3, Zergling x2  
  177  10:46  Zergling x4  
  177  10:48  Zergling x10  
  177  10:49  Zergling x6, Lurker  
  170  10:52  Zergling x2  
  170  10:55  Hydralisk x3  
  173  10:57  Zergling x6  
  173  11:02  Viper  
  178  11:04  Zergling x2  
  178  11:05  Zergling x8  
  142  11:29  Unknown  
Show
View Real Time Build Order
Export as new Build Order

Cure Terran - Winner!

Build Orders: Reaper Expand, Hellion Banshee, Mech 

Get SALT Encoding   

  12  0:00  SCV  
  13  0:12  SCV  
  14  0:16  Supply Depot  
  14  0:24  SCV  
  15  0:38  SCV  
  15  0:39  Barracks  
  15  0:42  Refinery  
  16  0:50  SCV  
  17  1:02  SCV  
  18  1:14  SCV  
  19  1:26  Orbital Command, Reaper  
  20  1:36  Command Center  
  20  1:44  Supply Depot  
  20  1:52  SCV  
  21  1:58  Marine  
  22  2:04  SCV  
  22  2:08  Factory  
  23  2:16  SCV  
  24  2:23  Barracks Reactor  
  24  2:33  SCV  
  24  2:36  Command Center  
  25  2:45  SCV  
  25  2:48  Orbital Command  
  26  2:57  SCV  
  26  2:58  Starport  
  27  3:04  Refinery  
  27  3:09  Hellion, SCV  
  30  3:14  SCV  
  30  3:15  Barracks Tech Lab  
  31  3:21  SCV  
  31  3:26  SCV  
  33  3:32  Hellion x2  
  33  3:33  SCV  
  38  3:38  SCV  
  38  3:41  Banshee, Marine  
  39  3:45  SCV  
  39  3:47  Orbital Command  
  44  3:50  SCV  
  44  3:55  Refinery x2  
  45  3:57  Supply Depot  
  45  3:59  SCV  
  45  4:01  Hellion  
  50  4:02  SCV  
  50  4:03  Hellion  
  50  4:05  Barracks Tech Lab  
  51  4:11  Cloaking Field, SCV  
  51  4:12  Orbital Command  
  52  4:17  SCV  
  52  4:23  SCV  
  52  4:24  Supply Depot  
  54  4:28  Hellion, Banshee  
  54  4:29  SCV  
  60  4:35  SCV  
  60  4:38  Supply Depot  
  61  4:39  Factory  
  61  4:41  SCV  
  61  4:42  Factory  
  61  4:45  SCV  
  63  4:48  SCV  
  63  4:51  Barracks Tech Lab  
  64  4:54  SCV  
  64  4:57  SCV  
  64  4:58  Supply Depot  
  66  5:00  SCV  
  66  5:06  SCV  
  68  5:09  SCV, Armory  
  68  5:10  Armory  
  68  5:12  SCV  
  70  5:17  Supply Depot  
  70  5:18  SCV  
  70  5:21  SCV  
  72  5:24  SCV  
  72  5:25  Siege Tank  
  76  5:30  SCV  
  76  5:33  SCV  
  78  5:35  Siege Tank  
  78  5:36  SCV  
  78  5:37  Refinery  
  78  5:38  Refinery  
  78  5:42  SCV  
  83  5:43  Supply Depot  
  83  5:45  SCV  
  83  5:48  SCV  
  83  5:49  Barracks Reactor  
  85  5:50  Factory  
  85  5:52  Factory  
  85  5:54  SCV  
  86  5:57  SCV  
  86  6:02  SCV  
  88  6:05  Supply Depot x2  
  88  6:06  SCV  
  88  6:07  Siege Tank  
  88  6:08  Siege Tank  
  95  6:13  Hellion x2  
  95  6:14  SCV x2  
  101  6:18  SCV  
  101  6:21  Terran Vehicle Weapons Level 1, Terran Vehicle And Ship Armor Level 1  
  102  6:26  Command Center  
  102  6:27  SCV x2  
  102  6:28  Supply Depot  
  102  6:30  SCV  
  105  6:38  Supply Depot  
  105  6:39  SCV  
  106  6:42  SCV x2  
  106  6:44  Siege Tank x2  
  114  6:48  Hellion  
  114  6:49  Hellion  
  114  6:51  SCV  
  114  6:52  Hellion  
  121  7:00  Starport Reactor  
  121  7:04  Factory  
  121  7:05  Factory  
  121  7:07  Factory  
  121  7:11  Smart Servos, Infernal Pre-Igniter  
  121  7:13  SCV x3  
  121  7:15  Supply Depot  
  124  7:17  Supply Depot  
  124  7:21  Siege Tank x2  
  124  7:22  Hellion  
  132  7:25  SCV  
  132  7:26  Hellion x2  
  137  7:39  Siege Tank  
  137  7:40  Viking x2  
  137  7:41  Hellion  
  137  7:43  Hellion  
  148  7:46  SCV x2  
  148  7:47  SCV  
  151  8:00  Refinery  
  151  8:03  Refinery  
  151  8:09  Hellion x2, Siege Tank  
  151  8:10  Factory Reactor, Hellion x2, SCV x3, Factory Tech Lab x2  
  145  8:13  Siege Tank  
  145  8:14  Engineering Bay  
  148  8:21  Terran Vehicle Weapons Level 2  
  148  8:23  Terran Vehicle And Ship Armor Level 2  
  145  8:29  Hellion x2  
  145  8:30  Hellion  
  145  8:31  Hellion x2  
  155  8:37  Viking  
  155  8:38  Viking  
  159  8:42  Supply Depot x2  
  159  8:43  Supply Depot x2  
  159  8:44  Planetary Fortress  
  159  8:45  Siege Tank  
  159  8:46  Hellion  
  164  8:48  Supply Depot  
  160  8:58  Siege Tank  
  160  8:59  Hellion  
  160  9:03  Hellion, Siege Tank  
  160  9:09  Hellion x3  
  165  9:11  Siege Tank x2  
  165  9:12  Hellion  
  165  9:18  Hellion  
  165  9:21  Mag-Field Accelerator  
  165  9:23  Hellion  
  169  9:24  Hellion  
  169  9:30  Hellion x3, Siege Tank  
  180  9:33  Hellion  
  180  9:35  Siege Tank  
  185  9:39  Hellion  
  185  9:40  Liberator x2  
  185  9:44  Hellion  
  195  9:49  Command Center  
  195  9:51  Cyclone  
  194  10:10  Cyclone  
  194  10:11  Cyclone x2  
  194  10:14  Hellion  
  199  10:25  Cyclone x2  
  199  10:26  Liberator x2  
  199  10:27  Hellion  
  171  10:43  Cyclone  
  171  10:44  Cyclone x2, Hellion  
  171  10:45  Hellion x4  
  171  10:48  Hellion, SCV x4  
  162  10:57  Cyclone x2  
  162  11:00  SCV x3  
  162  11:04  SCV x2  
  171  11:06  Hellion x4  
Tags
 
Add a new tag
Caveats
  • Supply blocks, unpowered buildings, or Contaminate may cause inaccurate times.
  • Supply counts are checked every 10 seconds.